 Dungeon Crawl Stone Soup version 0.20.1-1-g8b1a95d (webtiles) character file.

1780 tidbits the Martial Artist (level 8, -2/64 HPs)
             Began as a Demigod Transmuter on Aug 11, 2017.
             Blown up by Maurice (6 damage)
             ... with a wand of disintegration (?/24)
             ... on level 8 of the Dungeon on Aug 12, 2017.
             The game lasted 00:34:08 (3260 turns).

tidbits the Martial Artist (Demigod Transmuter)     Turns: 3260, Time: 00:34:09

Health: -2/64      AC:  6    Str: 13    XL:     8   Next: 51%
Magic:  4/13       EV: 19    Int: 21    God:
Gold:   317        SH:  0    Dex: 21    Spells: 4/10 levels left

rFire    . . .     SeeInvis .     - Unarmed
rCold    + . .     Gourm    .   (no shield)
rNeg     . . .     Faith    .   B - +0 robe
rPois    .         Spirit   .   E - +0 helmet
rElec    .         Reflect  .   C - scarf {cloud immunity}
rCorr    .         Harm     .   G - +0 pair of gloves
MR       .....                  F - +0 pair of boots
Stlth    ++++......             (no amulet)
Regen    0.2/turn               i - ring of stealth
MPRegen  0.2/turn               z - ring of protection from cold

@: agile, very slightly contaminated
A: rugged brown scales 1, high mp 1, screaming 1
a: no special abilities


You were on level 8 of the Dungeon.
You were not hungry.

You visited 1 branch of the dungeon, and saw 9 of its levels.
You also visited: Sewer.

You collected 317 gold pieces.

Inventory:

Missiles
 a - 40 arrows
 g - 62 stones (quivered)
Armour
 B - a +0 robe (worn)
 C - a scarf of cloud immunity (worn)
   (You found it on level 2 of the Dungeon)
 E - a +0 helmet (worn)
 F - a +0 pair of boots (worn)
 G - a +0 pair of gloves (worn)
Jewellery
 i - a ring of stealth (left hand)
   (You found it on level 4 of the Dungeon)
 z - a ring of protection from cold (right hand)
   (You found it on level 6 of the Dungeon)
Wands
 d - a wand of random effects (34/48)
 s - a wand of polymorph (14/24)
Scrolls
 b - a scroll of blinking
 f - 4 scrolls of teleportation
 j - a scroll of enchant weapon
 k - a scroll of remove curse
 m - 2 scrolls of recharging
 o - a scroll of immolation {unknown}
 q - a scroll of magic mapping {unknown}
 u - a scroll of amnesia {unknown}
 x - 2 scrolls of fog {unknown}
 y - a scroll of brand weapon {unknown}
Potions
 e - a potion of flight
Books
 c - a book of Changes

   Spells                             Type                      Level
   a - Beastly Appendage              Transmutation                1
   b - Sticks to Snakes               Transmutation                2
   c - Spider Form                    Transmutation/Poison         3
   d - Ice Form                       Ice/Transmutation            4
   e - Blade Hands                    Transmutation                5
 w - a book of Maledictions
   (You found it on level 5 of the Dungeon)

   Spells                             Type                      Level
   a - Corona                         Hexes                        1
   b - Ensorcelled Hibernation        Hexes/Ice                    2
   c - Confuse                        Hexes                        3
   d - Tukima's Dance                 Hexes                        3
   e - Dazzling Spray                 Conjuration/Hexes            3
Comestibles
 n - 2 royal jellies
 p - 2 fruits
 r - 2 meat rations


   Skills:
 + Level 3.3 Fighting
 + Level 3.6 Dodging
 * Level 8.9 Unarmed Combat
 - Level 1.7 Spellcasting
 - Level 4.1 Transmutations


You had 4 spell levels left.
You knew the following spells:

 Your Spells              Type           Power        Failure   Level  Hunger
e - Beastly Appendage     Tmut           ###...       2%          1    #......
k - Sticks to Snakes      Tmut           ###.....     4%          2    ###....
p - Spider Form           Tmut/Pois      ##........   19%         3    ###....


Dungeon Overview and Level Annotations

Branches:
Dungeon (9/15)               Lair (0/6) D:8
 Temple: D:4-7          Orc: D:9-12

Annotations:
D:7 TheGuigne's ghost, novice DsFi
D:8 Maurice


Innate Abilities, Weirdness & Mutations

You have an increased reservoir of magic. (+10% MP)
You are partially covered in rugged brown scales. (AC +1, +3% HP)
You occasionally shout uncontrollably at your foes.


Message History

Casting: Spider Form
Confirm with . or Enter, or press ? or * to list all spells.
You turn into a venomous arachnid creature.
Your scarf of cloud immunity melds into your body.
Your +0 helmet melds into your body.
Your +0 pair of gloves melds into your body.
Your +0 pair of boots melds into your body.
Your +0 robe melds into your body.
You feel vulnerable to the effects of clouds.
Your transformation is almost over.
Your adder bites the ice beast.
Maurice shouts, "HAHA!"
You hit the ice beast.
The ice beast is moderately wounded.
Your ball python barely misses the ice beast.
The ice beast misses you.
Your adder barely misses the ice beast.
You bite the ice beast!
The ice beast is heavily wounded.
Your adder bites the ice beast but does no damage.
Your ball python barely misses the ice beast.
The ice beast completely misses you.
You hit the ice beast.
The ice beast is severely wounded.
Your adder barely misses the ice beast.
Your ball python closely misses the ice beast.
The ice beast misses you.
Maurice hits your adder with a short sword.
You bite the ice beast!
The ice beast is almost dead.
Your adder bites the ice beast but does no damage.
Your ball python bites the ice beast but does no damage.
The ice beast hits your ball python. The ice beast freezes your ball python!
Your ball python dies!
Maurice hits your adder with a short sword.
Your adder closely misses the ice beast.
You hit the ice beast but do no damage.
The ice beast is almost dead.
Your adder bites the ice beast.
The ice beast dies!
Your adder looks stronger.
Maurice barely misses your adder. Maurice hits you with a short sword.
* * * LOW HITPOINT WARNING * * *
Maurice steals your lamp of fire!
Unknown command.
You hit Maurice.
Maurice is poisoned.
Maurice is lightly wounded.
Your adder bites Maurice.
You hit Maurice but do no damage.
Maurice looks as sick as possible!
Maurice is lightly wounded.
Your adder bites Maurice but does no damage.
Maurice hits you but does no damage.
You hit Maurice.
Maurice looks as sick as possible!
Maurice is moderately wounded.
Your adder misses Maurice. Maurice hits you with a short sword.
* * * LOW HITPOINT WARNING * * *
Maurice steals your uncursed ring of fire!
Maurice puts on an uncursed ring of fire.
Your adder bites Maurice but does no damage.
You completely miss Maurice.
Maurice is moderately wounded.
Maurice hits you with a short sword!
* * * LOW HITPOINT WARNING * * *
Maurice steals some of your gold!
Your adder misses Maurice. You bite Maurice!
Maurice looks as sick as possible!
Maurice is heavily wounded.
Your transformation has ended.
Your scarf of cloud immunity unmelds from your body.
Your +0 helmet unmelds from your body.
Your +0 pair of gloves unmelds from your body.
Your +0 pair of boots unmelds from your body.
Your +0 robe unmelds from your body.
You feel immune to the effects of clouds.
Your adder bites Maurice.
Maurice hits you with a short sword.
* * * LOW HITPOINT WARNING * * *
Maurice steals your 83 stones!
Okay, then.
Evoke which item? (* to show all) (? for menu, Esc to quit)
Aiming: Random Effects (will waste charges)
Press: ? - help, Shift-Dir - straight line, f - Maurice
Aim: Maurice, wielding a short sword, wearing an embroidered cloak and wearing an uncursed ring of fire (severely wounded, poisoned, covering ground quickly) Maurice flickers and vanishes!
Evoking this partially-identified wand wasted a few charges.
Something hits you!
* * * LOW HITPOINT WARNING * * *
Something steals your book of Callings!
Unknown command.
You hear a zap.
Your adder is blasted.
Your adder is blown up!
It was a potion of agility.
You feel agile all of a sudden.
A stone appears from out of thin air!
The stone hits you but does no damage.
A stone appears from out of thin air!
The stone hits you.
* * * LOW HITPOINT WARNING * * *
You see here a stone.
A stone appears from out of thin air!
The stone closely misses you.
You hear a zap.
You are blasted!
You die... #......)##.# #### ..## ######..##.# ###.. ....# #<..#"# #...##....# #.#...# #.#....# .# .... #.###.###....### ....# #.# #.......## ..oo. #.###.......### .ooo.

#.....(.......#
.#.#.
#..##...@...#....
.....
#..........######
.....
#......#.###
###.....(..#
##..........#
##...........#
#.........{#.#
##..###.....#..#
#...##.......#..#


There were no monsters in sight!

Vanquished Creatures
  Psyche (D:7)
  Grinder (D:5)
  A wyvern (D:7)
  A hungry ghost (D:8)
  A black bear (D:7)
  4 bullfrogs
  3 scorpions (D:4)
  A centaur zombie (D:8)
  A quasit (D:6)
  An orc priest (D:4)
  A bullfrog zombie (D:5)
  A bullfrog skeleton (D:6)
  An iguana (D:4)
  Terence (D:3)
  A worker ant (D:4)
  3 adders
  A shadow imp (D:6)
  An ooze (D:1)
  A dart slug (D:2)
  2 worms (D:3)
  8 leopard geckos
  6 orcs
  3 bats
  13 giant cockroaches
  5 hobgoblins
  5 jackals
  3 quokkas
  3 ball pythons
  8 frilled lizards
  8 goblins
  6 kobolds
  A leopard gecko zombie (D:6)
  A quokka zombie (D:6)
  5 rats
103 creatures vanquished.

Vanquished Creatures (collateral kills)
  An ice beast (D:8)
  A bullfrog (D:8)
  A worker ant (D:4)
  2 adders
  2 dart slugs (D:3)
  An orc (D:3)
  2 bats (D:2)
  A goblin (D:2)
  2 hobgoblins (D:3)
  A frilled lizard (Sewer)
  A rat (D:2)
15 creatures vanquished.

Grand Total: 118 creatures vanquished

Notes
Turn   | Place    | Note
-------+----------+-------------------------------------------
     0 | D:1      | tidbits the Demigod Transmuter began the quest for the Orb.
     0 | D:1      | Reached XP level 1. HP: 15/15 MP: 5/5
    81 | D:1      | Reached skill level 3 in Unarmed Combat
    89 | D:1      | HP: 1/15 [kobold/short sword (4)]
   213 | D:1      | Reached XP level 2. HP: 13/22 MP: 5/7
   217 | D:1      | Learned a level 2 spell: Sticks to Snakes
   492 | D:3      | Found a radiant altar of Vehumet.
   496 | D:3      | Found a glowing golden altar of the Shining One.
   571 | D:4      | Found a shadowy altar of Dithmenos.
   579 | D:4      | Reached XP level 3. HP: 19/27 MP: 5/8
   689 | D:2      | Reached skill level 4 in Unarmed Combat
   867 | D:2      | Gained mutation: You occasionally shout uncontrollably at your foes. [potion of mutation]
   867 | D:2      | Gained mutation: You are partially covered in rugged brown scales. (AC +1, +3% HP) [potion of mutation]
  1017 | D:3      | Noticed Terence
  1029 | D:3      | Killed Terence
  1074 | D:4      | Reached XP level 4. HP: 32/35 MP: 3/9
  1121 | D:4      | Found a snail-covered altar of Cheibriados.
  1194 | D:4      | Reached skill level 5 in Unarmed Combat
  1204 | D:4      | HP: 3/35 [worker ant (4)]
  1660 | D:3      | Learned a level 3 spell: Spider Form
  1790 | D:3      | Reached XP level 5. HP: 40/40 MP: 6/10
  1830 | D:4      | Reached skill level 6 in Unarmed Combat
  1894 | D:5      | Entered Level 5 of the Dungeon
  1894 | D:5      | Noticed a phantom
  2026 | D:4      | Reached XP level 6. HP: 35/47 MP: 2/11
  2136 | D:5      | Noticed Grinder
  2170 | D:5      | Killed Grinder
  2170 | D:5      | Reached skill level 7 in Unarmed Combat
  2233 | D:7      | Reached XP level 7. HP: 25/52 MP: 0/12
  2236 | D:7      | Reached skill level 1 in Fighting
  2249 | D:7      | Reached skill level 2 in Dodging
  2306 | D:8      | Found a stormy altar of Qazlal.
  2307 | D:8      | Found a white marble altar of Elyvilon.
  2342 | D:9      | Reached skill level 2 in Transmutations
  2418 | D:8      | Noticed Maurice
  2425 | D:8      | Reached skill level 3 in Transmutations
  2604 | D:6      | Reached skill level 4 in Transmutations
  2611 | D:6      | Found a glowing drain.
  2621 | Sewer    | Entered a sewer
  2920 | Sewer    | Reached skill level 2 in Fighting
  2920 | Sewer    | Reached skill level 8 in Unarmed Combat
  3059 | D:8      | Found a staircase to the Lair.
  3059 | D:8      | Noticed Psyche
  3059 | D:8      | Noticed a wyvern
  3069 | D:7      | Killed Psyche
  3069 | D:7      | Reached skill level 3 in Dodging
  3069 | D:7      | Reached XP level 8. HP: 58/63 MP: 10/13
  3077 | D:7      | Reached skill level 3 in Fighting
  3087 | D:7      | Noticed TheGuigne's ghost (novice DsFi)
  3257 | D:8      | HP: 4/64 [something (4)]
  3260 | D:8      | Blown up by Maurice

Skill      XL: |  1  2  3  4  5  6  7  8 |
---------------+-------------------------+-----
Unarmed Combat | 3 4 5 6 7 8 |  8.9
Fighting       | 2 3 |  3.3
Dodging        | 3 |  3.6
Transmutations | 4 |  4.1
Spellcasting   | |  1.7

Action                   |  1- 3 |  4- 6 |  7- 9 || total
-------------------------+-------+-------+-------++-------
Melee: Unarmed           |    79 |   116 |   114 ||   309
       Kick              |    13 |     5 |       ||    18
       Headbutt          |     2 |       |       ||     2
       Punch             |       |     2 |       ||     2
 Cast: Beastly Appendage |    19 |     2 |       ||    21
       Sticks to Snakes  |    12 |    13 |    15 ||    40
       Spider Form       |       |    12 |    19 ||    31
Evoke: Wand              |       |       |     2 ||     2
  Use: Scroll            |     4 |     4 |     5 ||    13
       Potion            |     1 |     7 |     2 ||    10
 Stab: Sleeping          |     2 |     3 |       ||     5
       Confused          |     1 |       |       ||     1
       Distracted        |       |     2 |     1 ||     3
  Eat: Chunk             |     2 |     3 |     6 ||    11
       Bread ration      |       |     1 |     1 ||     2
Armor: Robe              |     9 |     8 |     7 ||    24
       Skin              |       |       |     2 ||     2
Dodge: Dodged            |    38 |    55 |    94 ||   187

Table legend:
 A = Turns spent in this place as a percentage of turns spent in the entire game.
 B = Non-inter-level travel turns spent in this place as a percentage of non-inter-level travel turns spent in the entire game.
 C = Inter-level travel turns spent in this place as a percentage of turns spent in this place.
 D = Turns resting spent in this place as a percentage of non-inter-level travel turns spent in this place.
 E = Turns spent auto-exploring this place as a percentage of non-inter-level travel turns spent in this place.
 F = Non-inter-level travel turns spent in this place divided by the number of levels of this place that you've seen.
                   A       B       C       D       E      F
               +-------+-------+-------+-------+-------+----------------------
         Total | 100.0 | 100.0 |   0.0 |   0.0 |   0.0 | 308.0
       Dungeon |  89.6 |  89.6 |   0.0 |   0.0 |   0.0 | 306.6
         Sewer |  10.4 |  10.4 |   0.0 |   0.0 |   0.0 | 321.0
               +-------+-------+-------+-------+-------+----------------------

Table legend:
 A = Kills in this place as a percentage of kills in entire the game.
 B = Kills by you in this place as a percentage of kills by you in the entire game.
 C = Kills by friends in this place as a percentage of kills by friends in the entire game.
 D = Other kills in this place as a percentage of other kills in the entire game.
 E = Experience gained in this place as a percentage of experience gained in the entire game.
 F = Experience gained in this place divided by the number of levels of this place that you have seen.
                   A       B       C       D       E      F
               +-------+-------+-------+-------+-------+----------------------
         Total | 100.0 | 100.0 | 100.0 |  -nan | 100.0 | 254.4
       Dungeon |  83.5 |  83.0 |  86.7 |  -nan |  91.4 | 258.3
         Sewer |  16.5 |  17.0 |  13.3 |  -nan |   8.6 | 219.0
               +-------+-------+-------+-------+-------+----------------------

Vault maps used:
D:1:      saegor_arrival_simple_b
D:3:      grunt_temple_overflow_open, uniq_terence
D:4:      old_standard_altar, lemuel_coloured_pillars_altar, first_bread
D:5:      solitary_fountain, uniq_grinder
D:6:      nicolae_temple_entry_ecumenical, portal_sewer_entry_a, serial_undead,
          serial_undead_e, serial_undead_f, serial_undead_d, serial_undead_d,
          serial_undead_f, serial_undead_c, hangedman_abyss_or_decor_lesser_grid
D:7:      black_bear_nest_1, uniq_menkaure
D:8:      chequers_temple_overflow_statue_of_worship, minmay_lair_entry_lava,
          blue_anna_alchemist, uniq_maurice, uniq_pikel, uniq_psyche
D:9:      serial_shops, nicolae_shop_overgrown_old_shop,
          trog_three_pillars_becter
Sewer:    sewer_frog_island_01
